[Event "Estonian Women's Chess Championship 2021"]
[Site "Tallinn, Paul Keres Chess House, Estonia"]
[Date "2021.12.11"]
[Round "1.1"]
[White "Levchenko, Marina"]
[Black "Barkasheva, Sofia"]
[Result "1-0"]
[TimeControl "90 minutes for first 40 moves and 15 min. for the rest of the game with 30 sec."]
[WhiteFideId "4508548"]
[BlackFideId "4510615"]
[WhiteElo "1367"]
[BlackElo "1505"]

1. c4 g6 2. d4 Bg7 3. Nc3 d6 4. e4 Nf6 5. Nf3 Bg4 6. Be2 Nfd7 7. Be3 O-O 8. O-O Nc6 9. a3 Bxf3 10.
Bxf3 e5 11. d5 Nd4 12. Be2 a5 13. Rb1 Re8 14. f3 c6 15. b3 f5 16. Qd2 f4 17. Bf2 Nc5 18. Bd1 g5 19. Ne2 Qf6 20.
Nxd4 exd4 21. Bc2 Nd7 22. Rfd1 c5 23. b4 axb4 24. axb4 Reb8 25. bxc5 dxc5 26. Rb5 b6 27. Bd3 Ne5 28.
Rdb1 g4 29. fxg4 Bh6 30. Qe2 f3 31. gxf3 Ra3 32. R5b3 Rxb3 33. Rxb3 Nxf3+ 34. Kg2 Rf8 35. Bg3 Nd2 36. Rb2 Nf3 37.
e5 Qe7 38. Rxb6 Be3 39. e6 Nh4+ 40. Kh1 Qa7 41. Rb1 Nf3 42. Rf1 Nd2 43. Rxf8+ Kxf8 44. Bf2 Bf4 45. Be1 Nb3 46. Qf3 Qb8 47. Bg3 Ke7 48. Bxf4 Qg8 49.
d6+ 1-0

[Event "Estonian Women's Chess Championship 2021"]
[Site "Tallinn, Paul Keres Chess House, Estonia"]
[Date "2021.12.11"]
[Round "1.2"]
[White "Blokhin, Sofia"]
[Black "Shadrina, Eva"]
[Result "1-0"]
[TimeControl "90 minutes for first 40 moves and 15 min. for the rest of the game with 30 sec."]
[WhiteTitle "WCM"]
[WhiteFideId "4508190"]
[BlackFideId "4510623"]
[WhiteElo "2032"]
[BlackElo "1472"]

1. e4 c5 2. Nf3 Nc6 3. d4 cxd4 4. Nxd4 Nf6 5. Nc3 e5 6. Ndb5 d6 7. Nd5 Nxd5 8. exd5 Nb8 9. c4 Be7 10.
Bd3 O-O 11. O-O a6 12. Nc3 f5 13. f3 Nd7 14. Be3 Bg5 15. Bf2 Qf6 16. Qc2 Nc5 17. Be2 b6 18. b4 Nd7 19. g3 Qg6 20.
Bd3 h5 21. Kh1 Qf6 22. Rae1 a5 23. a3 axb4 24. axb4 Rb8 25. f4 Bh6 26. fxe5 Nxe5 27. Bd4 g6 28. Nb5 Re8 29. Qc3 Bg7 30.
Bxe5 Rxe5 31. Qa3 Qe7 32. Rxe5 Bxe5 33. Re1 Bb7 34. Qc1 Kg7 35. Qe3 Re8 36. Qxb6 Bc8 37. Nxd6 Rd8 38. Nxc8 Rxc8 39.
Qe3 Kf6 40. c5 Ra8 41. h4 Ra1 42. Bb1 Ra7 43. Qg5+ Kf7 44. Qxe7+ Rxe7 45. Ba2 1-0

[Event "Estonian Women's Chess Championship 2021"]
[Site "Tallinn, Paul Keres Chess House, Estonia"]
[Date "2021.12.11"]
[Round "1.3"]
[White "Sinitsina, Anastassia"]
[Black "Ivanova, Lidia"]
[Result "1-0"]
[TimeControl "90 minutes for first 40 moves and 15 min. for the rest of the game with 30 sec."]
[WhiteTitle "WFM"]
[WhiteFideId "4504640"]
[BlackFideId "4506480"]
[WhiteElo "2159"]
[BlackElo "1443"]

1. Nf3 d5 2. g3 Nf6 3. Bg2 c6 4. O-O Bg4 5. d3 e6 6. Nbd2 Be7 7. e4 dxe4 8. dxe4 O-O 9. Qe2 Nbd7 10.
h3 Bh5 11. b3 Bb4 12. Rd1 Bc3 13. Rb1 Qa5 14. Nc4 Qc7 15. Ba3 c5 16. Rd3 Bb4 17. Bb2 b5 18. Ne3 Bg6 19. Nh4 Rab8 20.
Nxg6 hxg6 21. c4 a6 22. f4 e5 23. Qf2 exf4 24. gxf4 Nh5 25. Rbd1 Rbd8 26. Nd5 bxc4 27. Nxc7 1-0

[Event "Estonian Women's Chess Championship 2021"]
[Site "Tallinn, Paul Keres Chess House, Estonia"]
[Date "2021.12.11"]
[Round "1.4"]
[White "Haapsal, Maria Ioanna"]
[Black "Narva, Triin"]
[Result "0-1"]
[TimeControl "90 minutes for first 40 moves and 15 min. for the rest of the game with 30 sec."]
[BlackTitle "WFM"]
[WhiteFideId "4512286"]
[BlackFideId "4502680"]
[WhiteElo "1441"]
[BlackElo "2112"]

1. e4 d5 2. exd5 Qxd5 3. Nc3 Qd6 4. d4 Nf6 5. g3 Bg4 6. f3 Bf5 7. Nge2 e6 8. Bg2 Nc6 9. a3 O-O-O 10. Be3 e5 11. dxe5 Qxe5 12. Qc1 Bc5 13. Bxc5 Qxc5 14. g4 Bg6 15. g5 Nd5 16. b4 Qc4 17. Nxd5 Rxd5 18. f4 Nd4 19. Bh3+ Kb8 20. Bg4 Re8 21. Qd1 Nxc2+ 22. Kf2 Rxd1 23. Raxd1 Ne3 24. Rhe1 Nxg4+ 25. Kg1 Qe4 26. Ng3 Qxe1+ 27. Rxe1 Rxe1+ 28. Kg2 Ra1 29. h3 Ne3+ 30. Kf2 Rxa3 31. h4 Nf5 32. Nxf5 Bxf5 33. h5 Rb3 34. h6 g6 35. Ke2 Rxb4 36. Ke3 a5 37. Kd2 Rb3 38. Kc1 a4 39. Kd2 a3 40. Kc1 Rb2 41. Kd1 a2 42. Kc1 a1=Q# 0-1

[Event "Estonian Women's Chess Championship 2021"]
[Site "Tallinn, Paul Keres Chess House, Estonia"]
[Date "2021.12.12"]
[Round "2.1"]
[White "Barkasheva, Sofia"]
[Black "Narva, Triin"]
[Result "0-1"]
[TimeControl "90 minutes for first 40 moves and 15 min. for the rest of the game with 30 sec."]
[BlackTitle "WFM"]
[WhiteFideId "4510615"]
[BlackFideId "4502680"]
[WhiteElo "1505"]
[BlackElo "2112"]

1. e4 d5 2. exd5 Qxd5 3. Nc3 Qd6 4. d4 Nf6 5. Nf3 a6 6. g3 Bg4 7. h3 Bxf3 8. Qxf3 Nc6 9. Be3 e6 10.
Bg2 Qb4 11. O-O-O Be7 12. g4 Rd8 13. Qg3 Qa5 14. g5 Nd5 15. Nxd5 exd5 16. Kb1 O-O 17. f4 Qa4 18. c3 b5 19.
b3 Qa3 20. Bc1 Qd6 21. h4 b4 22. h5 bxc3 23. Qxc3 f5 24. Rhe1 Rb8 25. Qf3 Rfd8 26. Bh3 Qd7 27. Qd3 Rf8 28.
Qe2 Bd6 29. Bg2 Rb5 30. Qe6+ Qxe6 31. Rxe6 Kf7 32. Re2 Rfb8 33. Bh3 g6 34. Rc2 Nb4 35. Rh2 Re8 36. hxg6+ hxg6 37. Bf1 Rb6 38.
Rh7+ Kg8 39. Rh6 Bf8 40. Rh2 Bg7 41. Re2 Rxe2 42. Bxe2 a5 43. Bf3 c6 44. a3 Na6 45. Kc2 Nc7 46.
Be3 Ne6 47. Kc3 Bf8 48. Kb2 Bd6 49. Rc1 Bxf4 50. Bxf4 Nxf4 51. Rh1 Ne6 52. Rh6 Kg7 53. Kc3 Nxg5 54. Rh1 Nxf3 55. Rh3 Ng5 56.
Re3 Ne4+ 57. Kc2 f4 58. Rf3 g5 59. Rh3 Kg6 60. Rh8 f3 61. Rh1 f2 62. Rf1 g4 0-1

[Event "Estonian Women's Chess Championship 2021"]
[Site "Tallinn, Paul Keres Chess House, Estonia"]
[Date "2021.12.12"]
[Round "2.2"]
[White "Ivanova, Lidia"]
[Black "Haapsal, Maria Ioanna"]
[Result "1/2-1/2"]
[TimeControl "90 minutes for first 40 moves and 15 min. for the rest of the game with 30 sec."]
[WhiteFideId "4506480"]
[BlackFideId "4512286"]
[WhiteElo "1443"]
[BlackElo "1441"]

1. e4 c5 2. d3 e6 3. f4 Nc6 4.
Nf3 g6 5. c3 Bg7 6. Be2 Nge7 7. O-O O-O 8. Be3 b6 9. Nbd2 Bb7 10. Qe1 d5 11. e5 Nf5 12. Bf2 f6 13. d4 cxd4 14.
cxd4 fxe5 15. fxe5 Rc8 16. a3 Qe7 17. Bd3 Rc7 18. g4 Nh6 19. Bh4 Qd7 20. Qg3 Nf7 21. Bg5 Nxg5 22. Nxg5 Nxd4 23.
Qh3 Bxe5 24. Rxf8+ Kxf8 25. Rf1+ Kg8 26. Rf7 Qxf7 27. Nxf7 Rxf7 28. Qe3 Nc6 29. Nf3 Bxb2 30. Qxe6 Nd8 31.
Qd6 Rxf3 32. Qxd8+ Kg7 33. Qe7+ Rf7 34. Qb4 Be5 35. h3 Kg8 36. Qa4 Bb8 37. Qe8+ Rf8 38. Qe6+ Kg7 39. Qe7+ Rf7 40.
Qb4 Bf4 41. Qd4+ Kg8 42. Bc2 Bd6 43. Qa4 Bc5+ 44. Kh2 Bd6+ 45. Kg1 Bc5+ 46. Kh2 a5 47. Bb3 Kf8 48. Qb5 Rf2+ 49. Kg3 Rf7 50.
Kh2 Rf2+ 51. Kg3 Rf6 52. Kh2 Rf2+ 53. Kg3 Rf7 54. Kh2 1/2-1/2

[Event "Estonian Women's Chess Championship 2021"]
[Site "Tallinn, Paul Keres Chess House, Estonia"]
[Date "2021.12.12"]
[Round "2.3"]
[White "Shadrina, Eva"]
[Black "Sinitsina, Anastassia"]
[Result "0-1"]
[TimeControl "90 minutes for first 40 moves and 15 min. for the rest of the game with 30 sec."]
[BlackTitle "WFM"]
[WhiteFideId "4510623"]
[BlackFideId "4504640"]
[WhiteElo "1472"]
[BlackElo "2159"]

1. e4 e5 2. Nf3 Nc6 3. Bb5 a6 4. Ba4 Nf6 5. O-O Nxe4 6. d4 b5 7. Bb3 d5 8. dxe5 Be6 9. c3 Bc5 10.
Nbd2 O-O 11. Bc2 Nxf2 12. Rxf2 f6 13. exf6 Bxf2+ 14. Kxf2 Qxf6 15. Nb3 Ne5 16. Nbd4 Bg4 17. b4 Rae8 18.
Bd2 Qb6 19. Kf1 Nxf3 20. Nxf3 Rxf3+ 21. Qxf3 Bxf3 22. gxf3 Qf6 23. Bd1 Qf5 0-1

[Event "Estonian Women's Chess Championship 2021"]
[Site "Tallinn, Paul Keres Chess House, Estonia"]
[Date "2021.12.12"]
[Round "2.4"]
[White "Levchenko, Marina"]
[Black "Blokhin, Sofia"]
[Result "0-1"]
[TimeControl "90 minutes for first 40 moves and 15 min. for the rest of the game with 30 sec."]
[BlackTitle "WCM"]
[WhiteFideId "4508548"]
[BlackFideId "4508190"]
[WhiteElo "1367"]
[BlackElo "2032"]

1. c4 c5 2. Nf3 Nf6 3. d4 cxd4 4. Nxd4 Nc6 5. Nc3 g6 6. e4 d6 7. Be2 Bg7 8. Be3 O-O 9. f3 Bd7 10.
Qd2 Rc8 11. O-O Ne5 12. b3 Re8 13. Rac1 h5 14. h3 Nc6 15. f4 Qa5 16. Bf3 Nxd4 17. Bxd4 e5 18. fxe5 dxe5 19. Be3 Rcd8 20.
Nd5 Qxd2 21. Bxd2 Nxd5 22. cxd5 f5 23. Rc7 Bb5 24. Rfc1 Bd3 25. Bg5 Rd6 26. Be7 Rxe7 27. Rxe7 fxe4 28.
Rc8+ Bf8 29. Ree8 Rf6 30. Bd1 Kg7 31. Kh2 e3 32. Rc7+ Kh6 33. Rcc8 Bd6 34. Rh8+ Kg5 35. h4+ Kxh4 36.
g4 Rf2+ 37. Kg1 Kg3 38. Be2 Bxe2 39. Rc1 Rg2+ 40. Kh1 Rh2+ 41. Kg1 Bf3 0-1

[Event "Estonian Women's Chess Championship 2021"]
[Site "Tallinn, Paul Keres Chess House, Estonia"]
[Date "2021.12.13"]
[Round "3.1"]
[White "Blokhin, Sofia"]
[Black "Barkasheva, Sofia"]
[Result "1-0"]
[TimeControl "90 minutes for first 40 moves and 15 min. for the rest of the game with 30 sec."]
[WhiteTitle "WCM"]
[WhiteFideId "4508190"]
[BlackFideId "4510615"]
[WhiteElo "2032"]
[BlackElo "1505"]

1. e4 c5 2. Nc3 Nc6 3. g3 g6 4. Bg2 Bg7 5. d3 d6 6. Be3 Rb8 7. f4 e6 8. Nf3 Nd4 9. O-O Ne7 10.
Rb1 b6 11. Ne2 Nec6 12. c3 Nxf3+ 13. Bxf3 O-O 14. Kg2 d5 15. e5 Qe7 16. h4 Ba6 17. h5 d4 18. Bc1 Bb7 19.
c4 Nb4 20. a3 Bxf3+ 21. Rxf3 Nc6 22. Qh1 f6 23. hxg6 hxg6 24. exf6 Rxf6 25. Bd2 Qb7 26. Ng1 Rbf8 27. Kf2 e5 28. Re1 b5 29. b3 bxc4 30. bxc4 Qb2 31.
Re2 Qb7 32. Nh3 Bh8 33. Ng5 Qe7 34. Kg1 Rf5 35. Rff2 R5f6 36. Rh2 Qg7 37. Rh7 R6f7 38. Rxg7+ Rxg7 39. Qd5+ Rgf7 40. Nxf7 Rxf7 41.
Qxc6 Re7 42. fxe5 Bg7 43. Qxg6 Rb7 44. Qe6+ Kh7 45. Rh2+ Bh6 46. Rxh6+ Kg7 47. Qf6+ Kg8 48. Rh8# 1-0

[Event "Estonian Women's Chess Championship 2021"]
[Site "Tallinn, Paul Keres Chess House, Estonia"]
[Date "2021.12.13"]
[Round "3.2"]
[White "Sinitsina, Anastassia"]
[Black "Levchenko, Marina"]
[Result "1-0"]
[TimeControl "90 minutes for first 40 moves and 15 min. for the rest of the game with 30 sec."]
[WhiteTitle "WFM"]
[WhiteFideId "4504640"]
[BlackFideId "4508548"]
[WhiteElo "2159"]
[BlackElo "1367"]

1. e4 c5 2. Nf3 d6 3. d4 cxd4 4. Nxd4 Nf6 5. f3 a6 6. c4 e6 7. Nc3 b6 8. Be3 Bb7 9. Be2 Nbd7 10.
O-O Rc8 11. Rc1 Be7 12. Qd2 h6 13.
b3 Nc5 14. Rfd1 Qc7 15. Kh1 Rd8 16. b4 Ncd7 17. Nd5 Qb8 18. Nxe7 Kxe7 19. Qb2 Rc8 20. Nb3 Rhd8 21. Bf4 e5 22. Be3 Kf8 23. Qd2 Ne8 24.
a4 Kg8 25. a5 bxa5 26. Nxa5 Nf8 27. Bb6 Rd7 28. Qe3 Nf6 29. Rb1 Qa8 30. Qf2 Ne6 31. Be3 Re8 32. Rb2 Rdd8 33. Qh4 Nh7 34. Rdd2 Nhf8 35. Bd1 Ng6 36. Qf2 Nc7 37. Ba4 Re7 38. Rd1 Re6 39.
Bb6 Qc8 40. Rbd2 Ne7 41. Qe3 Qb8 42. Qc3 Nc8 43. Bf2 Ba8 44. Bh4 g5 45. Bf2 Kg7 46. Bc6 Rf6 47. Bg3 Rf8 48. Rxd6 Rxd6 49.
Bxe5+ Kh7 50. Rxd6 Nxd6 51. Bxd6 Rd8 52. Qf6 Kg8 53. h4 Ne8 54. Bxe8 Qxd6 55. Bxf7+ Kf8 56. Be6+ 1-0

[Event "Estonian Women's Chess Championship 2021"]
[Site "Tallinn, Paul Keres Chess House, Estonia"]
[Date "2021.12.13"]
[Round "3.3"]
[White "Haapsal, Maria Ioanna"]
[Black "Shadrina, Eva"]
[Result "1-0"]
[TimeControl "90 minutes for first 40 moves and 15 min. for the rest of the game with 30 sec."]
[WhiteFideId "4512286"]
[BlackFideId "4510623"]
[WhiteElo "1441"]
[BlackElo "1472"]

1. e4 c5 2. Nf3 Nc6 3. d4 cxd4 4. Nxd4 Nf6 5. Nc3 e5 6. Ndb5 d6 7. Bg5 a6 8. Na3 b5 9. Bxf6 gxf6 10.
Nd5 Bg7 11. c3 Ne7 12. Nc2 O-O 13. Nce3 Be6 14. Bd3 Rb8 15. O-O Qd7 16. Qc2 h6 17. Rfd1 Rfd8 18. Rd2 a5 19. a4 bxa4 20.
Qxa4 Bxd5 21. Qxd7 Rxd7 22. Nxd5 Nc6 23. Ne3 Bf8 24. Bc4 Ra7 25. Ra4 Rd7 26. Bd5 Ne7 27. Rxa5 Nxd5 28. Nxd5 Kg7 29.
b4 Rbb7 30. Rda2 Rd8 31. Ra7 Rxa7 32. Rxa7 Rb8 33. Kf1 Kg6 34. g4 Rc8 35. h4 Rc4 36. f3 Rc8 37. h5+ Kg7 38. Ke2 1-0

[Event "Estonian Women's Chess Championship 2021"]
[Site "Tallinn, Paul Keres Chess House, Estonia"]
[Date "2021.12.13"]
[Round "3.4"]
[White "Narva, Triin"]
[Black "Ivanova, Lidia"]
[Result "1-0"]
[TimeControl "90 minutes for first 40 moves and 15 min. for the rest of the game with 30 sec."]
[WhiteTitle "WFM"]
[WhiteFideId "4502680"]
[BlackFideId "4506480"]
[WhiteElo "2112"]
[BlackElo "1443"]

1. e4 d5 2. exd5 Qxd5 3. Nc3 Qa5 4. d4 Nf6 5. Nf3 Bg4 6. h3 Bh5 7. Bd2 Qb6 8. Be2 Nbd7 9. Ne5 Bxe2 10. Nxd7 Nxd7 11. Qxe2 O-O-O 12. Qc4 e6 13. Bg5 Nf6 14. Bxf6 gxf6 15. O-O-O Qb4 16. Qxb4 Bxb4 17. Ne4 Be7 18. c4 f5 19. Nc3 Bf6 20. Ne2 Rhg8 21. g3 Rd7 22. Rd2 f4 23. Nxf4 Rxd4 24.
Rxd4 Bxd4 25. Rf1 a6 26. b3 Rd8 27. Kc2 Bc5 28. Nd3 Bd4 29. Re1 Bg7 30. Re4 Rd4 31. Re2 e5 32. Nxe5 f5 33.
Nf3 Re4 34. Rxe4 fxe4 35. Ng5 e3 36. fxe3 Be5 37. g4 h6 38. Nf3 Bf6 39. Kd3 Kd7 40. Ke4 Ke6 41. Nd4+ Kf7 42. Kf5 c6 43.
Ne6 b5 44. cxb5 cxb5 45. e4 a5 46. e5 Be7 47. Nd4 a4 48. Nxb5 axb3 49. axb3 Bg5 50. Nd4 Be3 51. Nc6 Bg5 52.
e6+ Ke8 53. b4 Bd2 54. Kg6 Bg5 55. b5 Be3 56. h4 Kf8 57. e7+ Ke8 58. h5 1-0

[Event "Estonian Women's Chess Championship 2021"]
[Site "Tallinn, Paul Keres Chess House, Estonia"]
[Date "2021.12.14"]
[Round "4.1"]
[White "Barkasheva, Sofia"]
[Black "Ivanova, Lidia"]
[Result "1-0"]
[TimeControl "90 minutes for first 40 moves and 15 min. for the rest of the game with 30 sec."]
[WhiteFideId "4510615"]
[BlackFideId "4506480"]
[WhiteElo "1505"]
[BlackElo "1443"]

1. e4 c6 2. d4 d5 3. Nd2 dxe4 4. Nxe4 Bf5 5. Ng3 Bg6 6. h4 h6 7. Nf3 Nd7 8. h5 Bh7 9. Bd3 Bxd3 10.
Qxd3 Ngf6 11. c4 c5 12. d5 Qc7 13. Be3 Ng4 14. O-O-O O-O-O 15. Rh4 Ndf6 16. Ne4 Nxe3 17. Qxe3 Nxe4 18.
Rxe4 f6 19. Re6 Rd6 20. Nh4 Rd7 21. Ng6 Rg8 22. d6 Qd8 23. Nxf8 Rxf8 24. Rxe7 b6 25. Qe4 Kb8 26. Qe6 Kc8 27.
Rxg7 Re8 28. Re7 Rexe7 29. dxe7 Qxe7 30. Qc6+ Kd8 31. Qa8+ Kc7 32. Qxa7+ Kc6 33. Qxd7+ Qxd7 34. Rxd7 Kxd7 35.
Kd2 Kd6 36. Ke3 Ke5 37. f4+ Kf5 38. Kf3 Ke6 39. g4 Ke7 40. Ke4 Ke6 41. a3 f5+ 42. gxf5+ Kf6 43. b4 1-0

[Event "Estonian Women's Chess Championship 2021"]
[Site "Tallinn, Paul Keres Chess House, Estonia"]
[Date "2021.12.14"]
[Round "4.2"]
[White "Shadrina, Eva"]
[Black "Narva, Triin"]
[Result "0-1"]
[TimeControl "90 minutes for first 40 moves and 15 min. for the rest of the game with 30 sec."]
[BlackTitle "WFM"]
[WhiteFideId "4510623"]
[BlackFideId "4502680"]
[WhiteElo "1472"]
[BlackElo "2112"]

1. e4 g6 2. d4 Bg7 3. Nc3 d6 4.
Be3 Nd7 5. Qd2 a6 6. f3 b5 7. a3 e6 8. O-O-O Bb7 9. Nge2 Nb6 10. Ng3 d5 11. exd5 Bxd5 12. Nxd5 Qxd5 13. Kb1 Ne7 14.
Bf4 O-O-O 15. Be3 Nc6 16. Bd3 f5 17. Ne2 Nxd4 18. Nxd4 Bxd4 19. Bxd4 Qxd4 20. Qa5 Qa4 21. Qxa4 Nxa4 22.
Rhe1 Rhe8 23. Re5 Rd5 24. Rde1 Rxe5 25. Rxe5 Kd7 26. c4 Kd6 27. Re2 c6 28. cxb5 cxb5 29. Rd2 Kc6 30. Bc2 Nb6 31.
Bb3 Re7 32. Kc2 e5 33. Re2 a5 34. Ba2 Kc5 35. Re3 e4 36. Kd2 Kd4 37. f4 Rc7 38. Bb3 a4 39. Bg8 Nc4+ 40. Bxc4 bxc4 41.
Rc3 Rb7 42. Rc2 Rb3 43. g3 h5 0-1

[Event "Estonian Women's Chess Championship 2021"]
[Site "Tallinn, Paul Keres Chess House, Estonia"]
[Date "2021.12.14"]
[Round "4.3"]
[White "Levchenko, Marina"]
[Black "Haapsal, Maria Ioanna"]
[Result "1-0"]
[TimeControl "90 minutes for first 40 moves and 15 min. for the rest of the game with 30 sec."]
[WhiteFideId "4508548"]
[BlackFideId "4512286"]
[WhiteElo "1367"]
[BlackElo "1441"]

1. c4 c5 2. Nf3 Nf6 3. d4 cxd4 4. Nxd4 d5 5. cxd5 Nxd5 6. e4 Nb4 7. Qa4+ N8c6 8. Nxc6 Nxc6 9. Be3 e6 10.
a3 Bd7 11. Qd1 Be7 12. Be2 O-O 13. Nc3 Rc8 14. O-O a6 15. Rc1 Qc7 16. Na4 b5 17. Nb6 Rcd8 18. Qc2 Be8 19. a4 Qb8 20.
axb5 Nb4 21. Qb3 axb5 22. Rfd1 Rxd1+ 23. Rxd1 Qb7 24. e5 Qc7 25. Qc3 Qb7 26. Nc8 Nd5 27. Nxe7+ Qxe7 28. Qc5 Qb7 29.
Ra1 Nxe3 30. Qxe3 Bc6 31. Ra7 Qb8 32. h3 h6 33. Qc5 Rc8 34. Qe3 Rf8 35. Qc5 Rc8 36. Qe3 Rc7 37. Rxc7 Qxc7 38.
Qc5 Qb7 39. Bf1 Qc7 40. Bxb5 Qa5 41. Qxc6 Qa1+ 42. Kh2 Qxb2 43. Qe8+ Kh7 44. Bd3+ g6 45. Qxf7+ Kh8 46. Qf6+ Kg8 47.
Qxe6+ Kg7 48. Qf6+ Kg8 49. Bxg6 Qb7 50. e6 Qc7+ 51. f4 h5 52. e7 Qxf4+ 53. Qxf4 h4 54. Qf8# 1-0

[Event "Estonian Women's Chess Championship 2021"]
[Site "Tallinn, Paul Keres Chess House, Estonia"]
[Date "2021.12.14"]
[Round "4.4"]
[White "Blokhin, Sofia"]
[Black "Sinitsina, Anastassia"]
[Result "0-1"]
[TimeControl "90 minutes for first 40 moves and 15 min. for the rest of the game with 30 sec."]
[WhiteTitle "WCM"]
[BlackTitle "WFM"]
[WhiteFideId "4508190"]
[BlackFideId "4504640"]
[WhiteElo "2032"]
[BlackElo "2159"]

1. e4 e5 2. Bc4 Nf6 3. d3 Nc6 4. Nf3 Bc5 5. c3 d6 6. b4 Bb6 7. a4 a5 8. b5 Ne7 9. O-O O-O 10.
Bb3 Ng6 11. Nbd2 c6 12. Ba3 Re8 13. Nc4 Bc7 14. Ng5 d5 15. exd5 cxd5 16. Ne3 h6 17. Nf3 Be6 18. c4 Nf4 19.
c5 Rc8 20. d4 e4 21. Ne1 Qd7 22. Kh1 Nh7 23. b6 Bd8 24. Qd2 Ra8 25. Bb2 Ng6 26. Bc3 f5 27. Qa2 Ne7 28. f4 Nf6 29. N1c2 Kh7 30. Na3 Ng4 31.
Qe2 Nxe3 32. Qxe3 Nc6 33. Nb5 Rg8 34. Bd1 Bf6 35. Nc7 Raf8 36. g3 g5 37. Ra2 gxf4 38. gxf4 Rg7 39. Be2 Bd8 40.
Nxe6 Qxe6 41. Bb5 Bf6 42. Bxc6 Qxc6 43. Qe2 Rfg8 44. Qb5 Qe6 45. Re2 Qf7 46. Qb1 Qh5 47. Ref2 Qh3 48. Qc2 Bh4 0-1

[Event "Estonian Women's Chess Championship 2021"]
[Site "Tallinn, Paul Keres Chess House, Estonia"]
[Date "2021.12.15"]
[Round "5.1"]
[White "Ivanova, Lidia"]
[Black "Shadrina, Eva"]
[Result "1-0"]
[TimeControl "90 minutes for first 40 moves and 15 min. for the rest of the game with 30 sec."]
[WhiteFideId "4506480"]
[BlackFideId "4510623"]
[WhiteElo "1443"]
[BlackElo "1472"]

1. e4 c5 2. Nf3 Nc6 3. d4 cxd4 4. Nxd4 Nf6 5. Nc3 e5 6. Ndb5 d6 7. Bg5 a6 8. Na3 b5 9. Nd5 Be7 10. Bxf6 Bxf6 11. c3 O-O 12. Nc2 Bg5 13. h4 Bh6 14. g4 Bf4 15. Qf3 Ne7 16. Nxf4 exf4 17. Qxf4 Ng6 18. Qg3 Ne5 19. f4 Nxg4 20. f5 Ne5 21. Rg1 Qf6 22. O-O-O Rd8 23. Ne3 Bb7 24. Nd5 Bxd5 25.
Rxd5 Rac8 26. Kb1 Rc5 27. Rd2 d5 28. h5 a5 29. h6 g6 30. fxg6 fxg6 31. Bg2 dxe4 32. Rxd8+ Qxd8 33. Bxe4 Qf6 34.
Qe3 Qd6 35. Qe2 b4 36. Rd1 Qc7 37. Bd5+ Kf8 38. Qf2+ Ke8 39. Qf6 Qe7 40. Qh8+ Kd7 41. Qg7 Ke8 42. Bb3 Nd7 43. Ba4 Rc7 44.
Qg8+ Qf8 45. Re1+ Kd8 46. Qxf8+ Nxf8 47. Re8# 1-0

[Event "Estonian Women's Chess Championship 2021"]
[Site "Tallinn, Paul Keres Chess House, Estonia"]
[Date "2021.12.15"]
[Round "5.2"]
[White "Narva, Triin"]
[Black "Levchenko, Marina"]
[Result "1-0"]
[TimeControl "90 minutes for first 40 moves and 15 min. for the rest of the game with 30 sec."]
[WhiteTitle "WFM"]
[WhiteFideId "4502680"]
[BlackFideId "4508548"]
[WhiteElo "2112"]
[BlackElo "1367"]

1. e4 e6 2. d4 d5 3. Nd2 c5 4. Ngf3 cxd4 5. Nxd4 Nc6 6. Nxc6 bxc6 7. Bd3 Qc7 8. Qe2 Bd6 9. Nf3 dxe4 10. Qxe4 Nf6 11. Qh4 h6 12. Bd2 Bb7 13. Bc3 Be7 14. Qa4 O-O 15. Ne5 Nd5 16.
Qe4 f5 17. Qc4 Bf6 18. Ng6 Bxc3+ 19. bxc3 Rf6 20. Nh4 g5 21. Nf3 e5 22. Nd2 e4 23. Be2 Qe5 24. Rb1 Rf7 25. Rb3 e3 26.
Nf1 exf2+ 27. Kxf2 Re8 28. Bh5 Qe1+ 29. Kg1 Rfe7 30. Bxe8 Re2 31. Bf7+ Kh7 32. Qxe2 Qxe2 33. Rxb7 Qa6 34.
Rb3 Nf4 35. h4 Qe2 36. Rh2 Kg7 37. g3 Qg4 38. Rb7 Kf6 39. hxg5+ Qxg5 40. Bc4 Nd5 41. Bxd5 cxd5 42. Rh7 Ke5 43.
R7xh6 d4 44. cxd4+ Kxd4 45. R6h4+ Kc5 46. Rf4 Kc6 47. Rhf2 Qd8 48. Rxf5 Qd4 49. R5f4 Qc5 50. c4 Kd5 1-0

[Event "Estonian Women's Chess Championship 2021"]
[Site "Tallinn, Paul Keres Chess House, Estonia"]
[Date "2021.12.15"]
[Round "5.3"]
[White "Haapsal, Maria Ioanna"]
[Black "Blokhin, Sofia"]
[Result "0-1"]
[TimeControl "90 minutes for first 40 moves and 15 min. for the rest of the game with 30 sec."]
[BlackTitle "WCM"]
[WhiteFideId "4512286"]
[BlackFideId "4508190"]
[WhiteElo "1441"]
[BlackElo "2032"]

1. e4 c5 2. Nf3 e6 3. d4 cxd4 4. Nxd4 a6 5. c4 Nf6 6. Nc3 Bb4 7. Bd3 Nc6 8. Nxc6 dxc6 9. Qc2 e5 10.
Bg5 h6 11. Bh4 Qe7 12. h3 Be6 13. a3 Bc5 14. Bxf6 Qxf6 15. O-O g5 16. Be2 h5 17. h4 gxh4 18. Bf3 h3 19. Qe2 hxg2 20.
Bxg2 Rg8 21. Nd1 Rxg2+ 22. Kxg2 Qg5+ 23. Kh2 Qh4+ 24. Kg1 Qg3+ 25. Kh1 Qh3+ 26. Kg1 Ke7 27. Ne3 Rg8+ 28. Ng4 Bxg4 29.
Qd2 Qg3+ 30. Kh1 Bf3# 0-1

[Event "Estonian Women's Chess Championship 2021"]
[Site "Tallinn, Paul Keres Chess House, Estonia"]
[Date "2021.12.15"]
[Round "5.4"]
[White "Sinitsina, Anastassia"]
[Black "Barkasheva, Sofia"]
[Result "1-0"]
[TimeControl "90 minutes for first 40 moves and 15 min. for the rest of the game with 30 sec."]
[WhiteTitle "WFM"]
[WhiteFideId "4504640"]
[BlackFideId "4510615"]
[WhiteElo "2159"]
[BlackElo "1505"]

1. Nf3 Nf6 2. g3 g6 3. Bg2 Bg7 4. O-O O-O 5. d4 d6 6.
b3 c6 7. Bb2 Nbd7 8. c4 Ne4 9. Nfd2 Nxd2 10. Nxd2 f5 11. Qc2 Nf6 12. b4 f4 13. a4 Bf5 14. Qb3 Kh8 15. b5 Qd7 16. gxf4 d5 17. Nf3 Ne4 18. Ne5 Qe6 19. cxd5 cxd5 20.
Rfc1 Rac8 21. a5 Bh6 22. e3 g5 23. fxg5 Bxg5 24. Rxc8 Rxc8 25. a6 Bh4 26. Nd3 Bh3 27. Bxh3 Rg8+ 28.
Bg2 Qg4 29. Nf4 Bxf2+ 30. Kh1 Qh4 31. Bxe4 dxe4 32. axb7 Qg4 33. d5+ e5 34. Bxe5+ 1-0

[Event "Estonian Women's Chess Championship 2021"]
[Site "Tallinn, Paul Keres Chess House, Estonia"]
[Date "2021.12.16"]
[Round "6.1"]
[White "Barkasheva, Sofia"]
[Black "Shadrina, Eva"]
[Result "0-1"]
[TimeControl "90 minutes for first 40 moves and 15 min. for the rest of the game with 30 sec."]
[WhiteFideId "4510615"]
[BlackFideId "4510623"]
[WhiteElo "1505"]
[BlackElo "1472"]

1. e4 c5 2. Nf3 Nc6 3. d4 cxd4 4. Nxd4 Nf6 5. Nc3 e5 6. Ndb5 d6 7. Bg5 a6 8. Na3 b5 9. Nd5 Be7 10.
Bxf6 Bxf6 11. c3 O-O 12. Nc2 Bg5 13. a4 bxa4 14. Rxa4 a5 15. Bc4 Rb8 16. b3 Kh8 17. Nce3 Ne7 18.
h4 Bxe3 19. Nxe3 f5 20. exf5 Bxf5 21. Nxf5 Rxf5 22. Bd5 Qb6 23. O-O Rbf8 24. Ra2 Qc5 25. c4 Rf4 26. Rd2 Rxh4 27. g3 Rh6 28.
Kg2 Rhf6 29. Be4 Rh6 30. Qg4 Qc7 31. Rfd1 Ng8 32. Qe2 Rff6 33. Rd5 Ne7 34. Rb5 Nc6 35. Qd2 Rf8 36. Qd5 Nd4 37.
Rxa5 Qd7 38. Ra2 Nxb3 39. Rb2 Nd4 40. Qb7 Qh3+ 41. Kg1 Qh2+ 42. Kf1 Qxg3 43. Ra1 Rhf6 44. Raa2 Qe3 45. f3 Nxf3 46.
Rf2 Nd2+ 47. Kg1 Qxf2+ 48. Kh1 Qf1+ 49. Kh2 Rh6+ 50. Kg3 Qf2+ 51. Kg4 Qf4# 0-1